 Dungeon Crawl Stone Soup version 0.17-a0-769-g0b87ae3 (webtiles) character file.

53183 LiquidPain the Sniper (level 15, -2/80 HPs)
             Began as a Kobold Hunter on Apr 23, 2015.
             Was the Champion of Okawaru.
             Slain by an orc warrior
             ... wielding a cursed +0 glaive
              (24 damage)
             ... on level 4 of the Orcish Mines.
             The game lasted 02:45:17 (22301 turns).

LiquidPain the Sniper (Kobold Hunter)              Turns: 22301, Time: 02:45:17

Health: -2/80      AC: 17    Str: 11    XL:     15   Next: 9%
Magic:  20/20      EV: 27    Int:  9    God:    Okawaru [******]
Gold:   1734       SH:  0    Dex: 23    Spells: 0 memorised, 14 levels left

rFire  + . .     SeeInvis +     Q - +9 long sword of Superiority {venom, Noisy rC+ SInv}
rCold  + . .     Clarity  .     u - +2 leather armour "Moklyer" {rF+ Regen+}
rNeg   . . .     SustAb   .     (shield restricted)
rPois  .         Gourm    .     a - +1 hat
rElec  .         Spirit   .     m - +2 cloak
rCorr  .         Warding  .     g - +2 pair of gloves {archery}
rMut   .         Stasis   .     v - +0 pair of boots
MR     +....                    y - amulet of faith
Stlth  +++.......               X - ring of stealth
                                d - +4 ring of protection

@: somewhat resistant to hostile enchantments, fairly stealthy
A: antennae 1, breathe flames 1, carnivore 3
a: Heroism, Finesse, Renounce Religion, Breathe Fire


You were on level 4 of the Orcish Mines.
You worshipped Okawaru.
Okawaru was exalted by your worship.
You were completely stuffed.

You visited 3 branches of the dungeon, and saw 22 of its levels.

You collected 1734 gold pieces.

Inventory:

Hand weapons
 P - a +2 arbalest of chaos
 Q - the +9 long sword of Superiority (weapon) {venom, Noisy rC+ SInv}
   (You found it on level 9 of the Dungeon)

   It poisons the flesh of those it strikes.
   It protects you from cold.
   It enhances your eyesight.
   It may make noises in combat.
Missiles
 b - 6 bolts of penetration
 w - 9 poisoned bolts
 E - 6 silver bolts
 S - a bolt of flame
 T - 21 bolts
 U - 11 steel bolts
Armour
 a - a +1 hat (worn)
 g - a +2 pair of gloves of archery (worn)
 m - a +2 cloak (worn)
 o - the +12 plate armour "Umef" {-Tele rN+ Int+2}
   (Okawaru gifted it to you on level 11 of the Dungeon)

   It affects your intelligence (+2).
   It protects you from negative energy.
   It prevents most forms of teleportation.
 t - a +0 buckler of reflection
 u - the +2 leather armour "Moklyer" (worn) {rF+ Regen+}
   (You found it on level 4 of the Dungeon)

   It protects you from fire.
   It increases your rate of regeneration.
 v - a +0 pair of boots (worn)
Jewellery
 d - a +4 ring of protection (left hand)
 j - an uncursed amulet of resist mutation
 y - an amulet of faith (around neck)
 C - an uncursed ring of positive energy
 L - an uncursed amulet of resist corrosion
 V - an uncursed ring of protection from fire
 X - a ring of stealth (right hand)
Magical devices
 c - a wand of digging (4)
 p - a wand of polymorph (5)
 D - a wand of teleportation (3)
 H - a wand of invisibility (7)
 R - a wand of slowing (31)
Scrolls
 h - 12 scrolls of remove curse
 k - 3 scrolls of recharging
 q - a scroll of blinking
 A - 3 scrolls of identify
 M - a scroll of fear
 W - 3 scrolls of magic mapping
 Z - 2 scrolls of summoning
Potions
 f - 2 potions of heal wounds
 i - 3 potions of restore abilities
 l - 2 potions of haste
 n - a potion of resistance
 r - 8 potions of curing
 s - 3 potions of brilliance (quivered)
 z - a potion of ambrosia
 B - 2 potions of flight
 G - 2 potions of might
 I - 2 potions of lignification
 N - a potion of magic
 O - a potion of cure mutation
Miscellaneous
 Y - a phial of floods
Comestibles
 e - 11 meat rations
 x - 2 slices of pizza
 F - 5 chunks of flesh
 K - 14 beef jerkies


   Skills:
 - Level 4.1 Fighting
 + Level 5.2 Long Blades
 * Level 22.1 Crossbows
 + Level 12.0 Dodging
 - Level 1.3 Stealth
 - Level 6.2 Invocations
 * Level 7.9 Evocations


You had 14 spell levels left.
You didn't know any spells.

Dungeon Overview and Level Annotations

Branches:
Dungeon (12/15)            Temple (0/1) D:7            Lair (6/8) D:9
 Shoals (0/5) Lair:6       Spider (0/5) Lair:4          Orc (4/4) D:12
    Elf (0/3) Orc:4
  Slime: Lair:6-8

Altars:
Cheibriados
Gozag
Kikubaaqudgha
Okawaru
Ru
Xom
Zin
The Shining One
Beogh

Shops:
D:6 (   D:8 (   D:10 [   Orc:3 :   Orc:4 *

Annotations:
Lair:3 exclusion: 4 oklob plants


Innate Abilities, Weirdness & Mutations

You are small and have problems with some larger weapons.
You are carnivorous and can eat meat at any time.
You have a pair of small antennae on your head.
You can breathe flames.


Message History

The orc priest completely misses you. The orc misses you.
The orc warrior completely misses you.
The orc priest hits you with a falchion.
* * * LOW HITPOINT WARNING * * *
The orc misses you.
You slash the orc priest!
You kill the orc priest!
Okawaru accepts your kill. The orc hits you but does no damage.
You closely miss the orc. The orc warrior completely misses you.
The orc completely misses you.
You closely miss the orc.
The orc warrior hits you from afar with a glaive.
* * * LOW HITPOINT WARNING * * *
The orc misses you.
You slash the orc!
You kill the orc!
The orc warrior closely misses you.
The orc warrior hits you with a glaive!!
You die...

................#
...............## #
.....)(........###.##
..........##....#...
......)..###...###.#
........##....(#.#.#### ### ##
.....#........#((...#.## ##.###.
...........#.###o#.#...## ...#..
......<)....)..#@#......####.....
....)..........).).......##......
...))..).............#....#......
....)....)..)....([........#.....
...).(......#)#)#.#..............
.............#...###.............
.............#.)###...[..........
..........#.#.).##.#...).........
#..........#......)..)<.)..)†....


You could see an orc warrior.

Vanquished Creatures
  An orc warlord (Orc:4)
  Erolcha (D:11)
  Fannar (D:12)
  An ice dragon (Lair:6)
  Harold (Orc:3)
  4 hydras
  3 orc high priests
  Nergalle (D:12)
  2 orc knights (Orc:4)
  A necromancer (Lair:6)
  2 hill giants
  An orb spider (Lair:4)
  An ugly thing (D:12)
  2 orc sorcerers (Orc:4)
  2 cyclopes
  A centaur zombie (D:10)
  8 spiny frogs
  2 torpor snails
  7 elephants (Lair:6)
  4 black mambas
  3 gargoyles
  6 komodo dragons
  A fire drake (Lair:6)
  4 trolls
  2 polar bears
  6 slime creatures (D:12)
  A trapdoor spider zombie (D:9)
  A boulder beetle (D:9)
  8 blink frogs
  A trapdoor spider (D:12)
  2 deep elf magi
  19 wolves
  45 yaks
  Eustachio (D:5)
  6 hippogriffs
  2 basilisks
  3 wraiths
  A wyvern (D:8)
  4 hungry ghosts
  4 vampire mosquitoes (D:12)
  A steam dragon (Lair:4)
  2 wargs
  A mottled dragon (D:9)
  4 sky beasts
  5 ice beasts
  9 porcupines
  7 water moccasins
  An eye of draining (D:12)
  18 orc warriors
  2 phantoms
  A black bear (D:6)
  2 necrophages
  10 centaurs
  8 ogres
  11 crocodiles
  A komodo dragon zombie (Lair:6)
  15 giant frogs
  A wyvern zombie (D:12)
  5 scorpions
  2 water moccasin skeletons
  10 wights
  4 killer bees (D:8)
  6 crimson imps
  2 electric eels (Lair:6)
  24 orc priests
  8 iguanas
  10 jellies
  A quasit (D:11)
  5 giant frog skeletons
  3 centaur skeletons
  7 hounds
  24 orc wizards
  2 gnoll shamans
  5 hell rats (Lair:4)
  2 worker ants (D:5)
  2 crocodile zombies (Lair:6)
  2 sheep (D:11)
  5 hound skeletons
  A worker ant zombie (D:9)
  71 river rats
  12 adders
  11 gnolls
  A shadow imp (D:8)
  3 oozes
  A worm (D:5)
  4 giant geckos
  137 orcs
  4 ball pythons
  17 bats
  A bat skeleton (D:8)
  12 giant cockroaches
  16 hobgoblins
  19 jackals
  17 kobolds
  5 quokkas
  14 giant newts
  A giant spore (D:9)
  19 goblins
  29 rats
  19 ballistomycetes
  A bush (D:1)
  3 fungi (Lair:4)
  3 plants
815 creatures vanquished.

Vanquished Creatures (collateral kills)
  2 elephants (Lair:6)
  2 river rats (Lair:6)
4 creatures vanquished.

Vanquished Creatures (others)
  A water elemental (Lair:6)
  A human (D:9)
  A giant frog (D:10)
  An orc (Orc:3)
  4 giant spores
  A ballistomycete (D:10)
  A bush (Lair:6)
  A fungus (Lair:1)
  4 toadstools (D:1)
15 creatures vanquished.

Grand Total: 834 creatures vanquished

Notes
Turn   | Place    | Note
--------------------------------------------------------------
     0 | D:1      | LiquidPain, the Kobold Hunter, began the quest for the Orb.
     0 | D:1      | Reached XP level 1. HP: 12/12 MP: 1/1
     7 | D:1      | Reached skill level 5 in Crossbows
    79 | D:1      | Reached XP level 2. HP: 8/17 MP: 2/2
  1222 | D:1      | Reached XP level 3. HP: 17/21 MP: 3/3
  1395 | D:1      | Reached skill level 6 in Crossbows
  1629 | D:2      | Found an opulent altar of Gozag.
  1974 | D:2      | Reached XP level 4. HP: 27/27 MP: 4/4
  2298 | D:3      | Reached skill level 7 in Crossbows
  2298 | D:3      | Reached XP level 5. HP: 20/31 MP: 5/5
  2950 | D:4      | Reached skill level 8 in Crossbows
  2950 | D:4      | Reached XP level 6. HP: 6/36 MP: 6/6
  3289 | D:4      | Noticed an ogre
  3294 | D:4      | Killed an ogre
  3469 | D:4      | Reached skill level 9 in Crossbows
  3635 | D:4      | Got an ichor-stained leather armour
  3646 | D:4      | Identified the +2 leather armour "Moklyer" {rF+ Regen+} (You found it on level 4 of the Dungeon)
  3875 | D:4      | Noticed a phantom
  3884 | D:4      | Reached XP level 7. HP: 37/40 MP: 7/7
  3895 | D:4      | Killed a phantom
  4282 | D:5      | Entered Level 5 of the Dungeon
  4309 | D:5      | Reached skill level 10 in Crossbows
  4382 | D:5      | Noticed Eustachio
  4389 | D:5      | Killed Eustachio
  4389 | D:5      | Reached XP level 8. HP: 27/45 MP: 8/8
  4550 | D:5      | Reached skill level 11 in Crossbows
  5017 | D:5      | Found a glowing golden altar of the Shining One.
  5072 | D:5      | Found an iron altar of Okawaru.
  5080 | D:5      | Found a sacrificial altar of Ru.
  5087 | D:5      | Found a shimmering altar of Xom.
  5103 | D:5      | Became a worshipper of Warmaster Okawaru
  5385 | D:5      | Reached skill level 12 in Crossbows
  5608 | D:6      | Found Feociosh's Weapon Shop.
  5666 | D:6      | Acquired Okawaru's first power
  5767 | D:6      | Reached XP level 9. HP: 47/49 MP: 9/9
  5792 | D:6      | Reached skill level 13 in Crossbows
  6241 | D:7      | Reached skill level 1 in Invocations
  6577 | D:7      | Reached skill level 14 in Crossbows
  6835 | D:7      | Found a staircase to the Ecumenical Temple.
  7138 | D:7      | Reached XP level 10. HP: 56/56 MP: 12/12
  7600 | D:8      | Reached skill level 15 in Crossbows
  7793 | D:8      | Received a gift from Okawaru
  8018 | D:8      | Found Wibeuch's Weapon Emporium.
  8482 | D:9      | Received a gift from Okawaru
  8862 | D:9      | Got an iridescent long sword
  8863 | D:9      | Identified the +9 long sword of Superiority {venom, Noisy rC+ SInv} (You found it on level 9 of the Dungeon)
  8882 | D:9      | Found a staircase to the Lair.
  8950 | D:9      | Found an ancient bone altar of Kikubaaqudgha.
  9016 | D:9      | Reached skill level 16 in Crossbows
  9040 | D:9      | Reached skill level 5 in Invocations
  9131 | D:9      | Received a gift from Okawaru
  9317 | D:9      | Acquired Okawaru's second power
  9403 | D:9      | Received a gift from Okawaru
  9403 | D:9      | Reached XP level 11. HP: 4/60 MP: 15/15
  9605 | Lair:1   | Entered Level 1 of the Lair of Beasts
  9619 | Lair:1   | Reached skill level 5 in Dodging
  9847 | Lair:1   | Received a gift from Okawaru
  9962 | Lair:1   | Reached skill level 1 in Long Blades
 10037 | Lair:1   | Received a gift from Okawaru
 10235 | Lair:1   | Reached skill level 1 in Evocations
 10236 | Lair:1   | Received a gift from Okawaru
 10254 | Lair:1   | Received a gift from Okawaru
 10376 | Lair:1   | Reached skill level 17 in Crossbows
 10843 | Lair:1   | Found an ancient bone altar of Kikubaaqudgha.
 10993 | Lair:2   | Reached XP level 12. HP: 66/66 MP: 16/16
 11012 | Lair:2   | Gained mutation: You can breathe flames. [potion of mutation]
 11012 | Lair:2   | Gained mutation: You have a pair of small antennae on your head. [potion of mutation]
 11124 | Lair:2   | Received a gift from Okawaru
 11221 | Lair:2   | Noticed a five-headed hydra
 11385 | Lair:2   | Reached skill level 18 in Crossbows
 11543 | Lair:1   | Killed a five-headed hydra
 11591 | Lair:1   | Noticed a five-headed hydra
 11600 | Lair:1   | Killed a five-headed hydra
 11859 | Lair:2   | Received a gift from Okawaru
 12453 | Lair:2   | Noticed a five-headed hydra
 12458 | Lair:2   | Killed a five-headed hydra
 12966 | Lair:3   | Noticed an eight-headed hydra
 12972 | Lair:3   | Killed an eight-headed hydra
 12972 | Lair:3   | Reached skill level 19 in Crossbows
 13019 | Lair:3   | Reached XP level 13. HP: 70/70 MP: 17/17
 13202 | Lair:3   | Found a snail-covered altar of Cheibriados.
 13703 | Lair:4   | Reached skill level 5 in Evocations
 13712 | Lair:4   | Received a gift from Okawaru
 14404 | Lair:4   | Found a hole to the Spider Nest.
 15299 | Lair:6   | Reached skill level 20 in Crossbows
 15698 | Lair:6   | Received a gift from Okawaru
 15704 | Lair:6   | Reached skill level 10 in Dodging
 15949 | Lair:6   | Found a staircase to the Shoals.
 16469 | Lair:6   | Reached XP level 14. HP: 49/76 MP: 18/18
 16747 | D:10     | Entered Level 10 of the Dungeon
 17009 | D:10     | Found Satoizom's Armour Boutique.
 17369 | D:10     | Reached skill level 21 in Crossbows
 17678 | D:11     | Found a labyrinth entrance.
 17755 | D:11     | Received a gift from Okawaru
 18124 | D:11     | Received a gift from Okawaru
 18125 | D:11     | Got a shimmering plate armour {god gift}
 18140 | D:11     | Identified the +12 plate armour "Umef" {-Tele rN+ Int+2} (Okawaru gifted it to you on level 11 of the Dungeon)
 18173 | D:11     | Noticed Erolcha
 18175 | D:11     | Killed Erolcha
 18820 | D:12     | Noticed Nergalle
 18854 | D:12     | Killed Nergalle
 18964 | D:12     | Found a staircase to the Orcish Mines.
 19410 | D:12     | Noticed Fannar
 19428 | D:12     | Killed Fannar
 19757 | D:12     | Received a gift from Okawaru
 19760 | D:12     | Got a pair of steaming boots {god gift}
 19771 | D:12     | Identified the -4 pair of boots of Noon {-Tele rPois rCorr Int+3} (Okawaru gifted it to you on level 12 of the Dungeon)
 19796 | D:12     | Found a glowing silver altar of Zin.
 19878 | Orc:1    | Entered Level 1 of the Orcish Mines
 20013 | Orc:1    | Found a roughly hewn altar of Beogh.
 20730 | Orc:2    | Upgraded the game from 0.17-a0-755-g4391640 to 0.17-a0-769-g0b87ae3
 20759 | Orc:3    | Found a roughly hewn altar of Beogh.
 20847 | Orc:3    | Noticed Harold
 20858 | Orc:3    | Killed Harold
 20874 | Orc:3    | Found Ezyucreong's Book Shop.
 20992 | Orc:4    | Entered Level 4 of the Orcish Mines
 21447 | Orc:4    | Reached skill level 22 in Crossbows
 21711 | Orc:4    | Reached skill level 5 in Long Blades
 21741 | Orc:4    | Reached XP level 15. HP: 44/80 MP: 20/20
 21758 | Orc:4    | Found a staircase to the Elven Halls.
 21846 | Orc:4    | Found Pahosch's General Store.
 22058 | Orc:4    | Noticed an orc warlord
 22095 | Orc:4    | HP: 3/80 [orc warlord/war axe (25)]
 22107 | Orc:4    | HP: 3/80 [orc warlord/war axe (19)]
 22109 | Orc:4    | Killed an orc warlord
 22301 | Orc:4    | Slain by an orc warrior

Action                   |  1- 3 |  4- 6 |  7- 9 | 10-12 | 13-15 || total
-------------------------+-------+-------+-------+-------+-------++-------
Melee: Short sword       |   274 |       |       |       |       ||   274
       Long sword        |       |       |       |   283 |   777 ||  1060
 Fire: Hand crossbow     |   105 |   143 |   310 |   317 |       ||   875
       Arbalest          |       |       |       |   191 |   514 ||   705
Invok: Heroism           |       |       |       |       |     3 ||     3
       Finesse           |       |       |       |       |     1 ||     1
 Abil: Breathe Fire      |       |       |       |     1 |     3 ||     4
Evoke: Wand              |       |       |       |       |     1 ||     1
       Phial of floods   |       |       |       |       |     1 ||     1
  Use: Scroll            |       |     5 |     4 |    17 |    15 ||    41
       Potion            |       |       |       |     9 |    11 ||    20
 Stab: Sleeping          |       |       |       |     3 |     5 ||     8
       Invisible         |       |       |       |       |     1 ||     1
  Eat: Chunk             |    12 |     6 |    12 |    21 |    29 ||    80
       Pizza             |       |       |       |       |     1 ||     1
       Royal jelly       |       |       |       |       |     1 ||     1
